 Dungeon Crawl Stone Soup version 0.30.1-4-g462c640d31 (webtiles) character file.

Game seed: 12928484392141073562

2560348 spardeous the Axe Maniac (level 27, 245/245 HPs)
             Began as a Minotaur Berserker on Aug 23, 2023.
             Was a High Priest of Trog.
             Escaped with the Orb
             ... and 5 runes!
             The game lasted 02:31:14 (95607 turns).

spardeous the Axe Maniac (Minotaur Berserker)      Turns: 95607, Time: 02:31:15

Health: 245/245    AC: 52    Str: 31    XL:     27
Magic:  7/19       EV: 25    Int: 10    God:    Trog [*****.]
Gold:   1487       SH: 38    Dex: 23    Spells: 26/26 levels left

rFire   + + .        X - +9 broad axe (flame)
rCold   + . .        g - +7 tower shield "Utiuheg" {rC+}
rNeg    + . .        a - +9 gold dragon scales
rPois   +            C - +4 hat "Plog" {Dex+4}
rElec   +            j - +4 cloak of Vampiric Thralls {+Blink Int+4}
rCorr   +            O - +3 Mad Mage's Maulers {Infuse+∞ VampMP -Cast}
SInv    .            I - +5 pair of boots of Analysis {Stlth+}
Will    ++++.        h - amulet of regeneration
Stlth   +            N - ring of Geskyariu {Contam rF+ Will++ Int+4 Dex+3}
HPRegen 1.40/turn    i - ring "Qeqav" {rElec rC- rN+ rCorr Str+3 Stlth+}
MPRegen 0.16/turn

%: no spellcasting, infuse magic (7 MP)
@: studying 5 skills
A: horns 2, retaliatory headbutt, fangs 1, large bone plates 1, clumsy 1,
deformed body, deterioration 1, dopey 1, frail 1, low MP 1
0: Orb of Zot
}: 5/15 runes: barnacled, slimy, silver, abyssal, gossamer
a: Renounce Religion, Evoke Blink, Berserk, Trog's Hand, Brothers in Arms


You escaped.
You worshipped Trog.
Trog was extremely pleased with you.
You visited 10 branches of the dungeon, and saw 52 of its levels.
You visited the Abyss 2 times.
You visited 1 bazaar.
You also visited: Trove and Gauntlet.

You collected 8492 gold pieces.
You spent 7005 gold pieces at shops.

Inventory:

Hand Weapons
 J - the +10 dark maul {heavy}
   (You found it on level 5 of the Pits of Slime)
 R - the +8 storm bow {elec, penet}
   (You found it on level 2 of the Spider Nest)
 X - a +9 broad axe of flaming (weapon)
Armour
 a - +9 gold dragon scales (worn)
 g - the +7 tower shield "Utiuheg" (worn) {rC+}
   (You acquired it on level 3 of the Elven Halls)

   rC:        It protects you from cold.
 j - the +4 cloak of Vampiric Thralls (worn) {+Blink Int+4}
   (You found it on level 3 of the Realm of Zot)

   Int:       It affects your intelligence (+4).
   +Blink:    It lets you blink.
 o - the +9 plate armour of Charity {rPois Str+4}
   (You bought it in a shop on level 2 of the Depths)

   Str:       It affects your strength (+4).
   rPois:     It protects you from poison.
 C - the +4 hat "Plog" (worn) {Dex+4}
   (You found it in a Gauntlet)

   Dex:       It affects your dexterity (+4).
 I - the +5 pair of boots of Analysis (worn) {Stlth+}
   (You found it on level 5 of the Vaults)

   Stlth:     It makes you more stealthy.
 O - the +3 Mad Mage's Maulers (worn) {Infuse+∞ VampMP -Cast}
   (You acquired it on level 11 of the Dungeon)

   Infuse+∞: It empowers its wearer's blows with all of their magic.
   VampMP:    Blows struck in melee replenish the wearer's magic.
   -Cast:     It prevents spellcasting.
Jewellery
 h - an amulet of regeneration (around neck)
 i - the ring "Qeqav" (right hand) {rElec rC- rN+ rCorr Str+3 Stlth+}
   (You found it on level 3 of the Realm of Zot)

   [ring of resist corrosion]

   Str:       It affects your strength (+3).
   rC:        It makes you vulnerable to cold.
   rElec:     It insulates you from electricity.
   rN:        It protects you from negative energy.
   rCorr:     It protects you from acid and corrosion.
   Stlth:     It makes you more stealthy.
 l - the ring "Tyodgh" {rC+ rCorr Int+3 Dex+3}
   (You found it on level 3 of the Realm of Zot)

   [ring of protection from cold]

   Int:       It affects your intelligence (+3).
   Dex:       It affects your dexterity (+3).
   rC:        It protects you from cold.
   rCorr:     It protects you from acid and corrosion.
 A - a ring of flight
 N - the ring of Geskyariu (left hand) {Contam rF+ Will++ Int+4 Dex+3}
   (You took it off a deep elf pyromancer on level 3 of the Elven Halls)

   [ring of protection from fire]

   Int:       It affects your intelligence (+4).
   Dex:       It affects your dexterity (+3).
   rF:        It protects you from fire.
   Contam:    It causes magical contamination when unequipped.
   Will:      It greatly increases your willpower.
 T - the ring of Zekhirio {rPois Str+8 Dex+2 Stlth-}
   (You found it on level 3 of the Spider Nest)

   [ring of poison resistance]

   Str:       It affects your strength (+8).
   Dex:       It affects your dexterity (+2).
   rPois:     It protects you from poison.
   Stlth:     It makes you less stealthy.
 Y - the ring of Juiruah {rElec rN+ Will+}
   (You took it off a yaktaur captain on level 5 of the Vaults)

   [ring of positive energy]

   rElec:     It insulates you from electricity.
   rN:        It protects you from negative energy.
   Will:      It increases your willpower.
Wands
 c - a wand of digging (24)
 n - a wand of iceblast (37)
 r - a wand of flame (110)
 y - a wand of quicksilver (46)
 M - a wand of mindburst (41)
 P - a wand of polymorph (21)
 Z - a wand of paralysis (51)
Scrolls
 b - 14 scrolls of poison
 d - 5 scrolls of brand weapon
 e - 2 scrolls of silence
 k - 3 scrolls of fear
 m - 11 scrolls of teleportation
 t - 17 scrolls of noise
 u - 3 scrolls of summoning
 B - 7 scrolls of immolation
 D - 5 scrolls of fog
 G - 13 scrolls of enchant weapon
 H - 7 scrolls of magic mapping
 L - 5 scrolls of blinking
Potions
 f - 10 potions of ambrosia
 q - 23 potions of curing
 s - 14 potions of brilliance
 v - 10 potions of lignification
 w - 3 potions of cancellation
 x - 2 potions of mutation
 z - 12 potions of heal wounds
 E - 2 potions of invisibility
 F - 5 potions of haste
 K - 3 potions of might
 Q - 9 potions of berserk rage
 S - 11 potions of flight
 V - 3 potions of resistance
 W - 4 potions of magic
Miscellaneous
 p - a tin of tremorstones (inert)
 U - a box of beasts


   Skills:
 O Level 27 Fighting
 O Level 27 Axes
 O Level 27 Armour
 + Level 26.5 Dodging
 - Level 15.4 Stealth
 O Level 27 Shields
 - Level 6.2 Evocations


You had 26 spell levels left.
You didn't know any spells.
Your spell library contained the following spells:

 Spells                   Type           Power      Damage    Failure   Level
 Beastly Appendage        Tmut           0%         N/A       88%         1
 Necrotise                Necr           0%         1d4       88%         1
 Summon Small Mammal      Summ           0%         N/A       88%         1
 Sublimation of Blood     Necr           0%         N/A       96%         2
 Wereblood                Tmut           0%         N/A       96%         2
 Call Canine Familiar     Summ           0%         N/A       99%         3
 Ozocubu's Armour         Ice            0%         N/A       99%         3
 Spider Form              Tmut/Pois      0%         N/A       99%         3
 Summon Guardian Golem    Hex/Summ       0%         N/A       99%         3
 Tukima's Dance           Hex            0%         N/A       99%         3
 Animate Dead             Necr           0%         N/A       100%        4
 Leda's Liquefaction      Hex/Erth       0%         N/A       100%        4
 Passage of Golubria      Tloc           0%         N/A       100%        4
 Agony                    Necr           0%         N/A       100%        5
 Metabolic Englaciation   Hex/Ice        0%         N/A       100%        5
 Silence                  Hex/Air        0%         N/A       100%        5
 Yara's Violent Unravell  Hex/Tmut       0%         3d3       100%        5
 Simulacrum               Ice/Necr       0%         N/A       100%        6
 Haunt                    Necr/Summ      0%         N/A       100%        7
 Ozocubu's Refrigeration  Ice            0%         4d7       100%        7
 Summon Hydra             Summ           0%         N/A       100%        7
 Infestation              Necr           0%         N/A       100%        8
 Lehudib's Crystal Spear  Conj/Erth      0%         10d2      100%        8
 Polar Vortex             Ice            0%         N/A       100%        9


Dungeon Overview and Level Annotations

Branches:
Dungeon (15/15)            Temple (0/1) D:7            Lair (5/5) D:11
 Shoals (4/4) Lair:2       Spider (4/4) Lair:3        Slime (5/5) Lair:5
    Orc (2/2) D:10            Elf (3/3) Orc:2        Vaults (5/5) D:13
  Crypt (0/3) Vaults:2     Depths (4/4) D:15            Zot (5/5) Depths:4
Gauntlet (visited)

Altars:
Ashenzari
Cheibriados
Dithmenos
Gozag
Kikubaaqudgha
Wu Jian
Xom
Lugonu

Shops:
D:10 (   Orc:2 =[*(   Elf:1 =   Elf:3 [(::   Shoals:2 *   Shoals:3 :
Depths:2 *[   Depths:3 [   Depths:4 [(*(

Portals:
Hell: Depths:1 Depths:2 Depths:3 Depths:4
Abyss: D:11 Lair:5 Depths:3 Depths:4
Pandemonium: Depths:2
Ziggurat: Depths:4

Annotations:
Depths:1 6 transporters


Innate Abilities, Weirdness & Mutations

You have a pair of horns on your head.
You reflexively headbutt those who attack you in melee.
You have very sharp teeth.
You are partially covered in large bone plates. (SH +4)
You are clumsy. (Dex -2)
Armour fits poorly on your strangely shaped body.
Your body sometimes deteriorates upon taking damage.
You are dopey. (Int -2)
You are frail. (-10% HP)
Your magical capacity is low. (-10% MP)


Message History

You burn the hell beast!
You headbutt the hell beast, but do no damage.
The hell beast is almost dead.
You block the hell beast's attack. x2
You now have 6/19 mp.
You slice the hell beast like a ripe choko!!!
You burn the hell beast.
You kill the hell beast!
Trog accepts your kill.
You now have 3/19 mp.
You recover from your berserk rage.
An Orb Guardian comes into view.
You regained 19 hp, and now have 241/245 hp.
You regained 2 mp, and now have 5/19 mp.
There is an open door here.
Health restored: 245 The Orb Guardian hits you but does no damage.
You block the Orb Guardian's attack.
You slash the Orb Guardian! You burn the Orb Guardian.
You headbutt the Orb Guardian! Your bite misses the Orb Guardian.
The Orb Guardian is moderately wounded.
You block the Orb Guardian's attack.
You now have 1/19 mp.
You slice the Orb Guardian!! You burn the Orb Guardian!
The Orb Guardian is severely wounded.
You block the Orb Guardian's attack.
You regained 2 mp, and now have 3/19 mp.
You slice the Orb Guardian like a ripe choko!!!
You burn the Orb Guardian!
You kill the Orb Guardian!
Trog accepts your kill. Trog grants you a weapon!
Something appears at your feet!
You see here the +2 flail of the Dark Horse {flame, Str+7 Dex+4}.
You regained 2 mp, and now have 5/19 mp.
No target in view!
No target in view!
There is a staircase leading out of the dungeon here.
You can't go down here!
You have escaped!

#.#####...........#.###
#.....#....######.#.#..
#####.##.......##.#.#..
#.##...)...##.#.###
###.##.......##.#.#
#............##.#.#
#.#########'###.#.#
#.###### #...#.#.#
#...@>.# ###...#.#
######## ##..#.# ##.#.#
#.#.# #######...###
#............
#..(.......##
#..........#
#..........##


There were no monsters in sight!

Vanquished Creatures
  the Royal Jelly (Slime:5)
  3 dread liches
  2 orbs of fire (Zot:5)
  Tiamat (Zot:3)
  4 ancient liches
  Mennas (Vaults:4)
  Mara (Vaults:4)
  The ghost of Muataran the Slayer, a veteran MiMo of Yredelemnul (Zot:3)
  Margery (Vaults:4)
  9 Killer Klowns
  3 curse toes
  Vv (Zot:4)
  Saint Roka (Vaults:5)
  Xtahua (Vaults:5)
  6 golden dragons
  Nikola (Spider:4)
  Arachne (Spider:4)
  A pandemonium lord (D:1)
  A bone dragon (Abyss:2)
  A pearl dragon (Abyss:3)
  4 electric golems
  20 tentacled monstrosities
  An Ice Fiend (D:1)
  Zenata (Vaults:4)
  29 Orb Guardians
  The ghost of Wiggles the Executioner, an adept MiBe of Trog (Shoals:2)
  6 titans (Vaults:5)
  4 liches
  3 deep elf blademasters
  7 quicksilver dragons
  Asterion (Spider:1)
  20 acid blobs
  Polyphemus (Shoals:4)
  8 death cobs
  4 deep elf master archers
  9 sphinxes
  4 tentacled starspawn
  2 ancient champions (Vaults:2)
  Kirke (D:14)
  The ghost of Ubraesch the Brawler, an adept TrMo of Nemelex Xobeh (Depths:4)
  14 storm dragons
  Donald (Orc:2)
  A daeva (D:4)
  A storm dragon (shapeshifter) (Vaults:5)
  7 shadow dragons
  A revenant (Vaults:2)
  11 azure jellies
  11 rockslimes
  6 tengu reavers (Vaults:5)
  5 fire giants
  8 draconian knights
  14 draconian monks
  2 balrugs
  8 frost giants
  8 deep elf sorcerers
  8 draconian shifters
  2 orc warlords
  11 draconian scorchers
  Louise (Elf:3)
  2 cacodemons
  18 vault wardens
  4 iron dragons
  3 emperor scorpions
  5 draconian stormcallers
  Aizul (Shoals:4)
  5 deep elf elementalists (Elf:3)
  8 ghost moths
  24 ironbound preservers
  12 quicksilver oozes
  11 ironbound thunderhulks
  11 draconian annihilators
  A reaper (Zot:5)
  2 broodmothers
  4 vampire knights
  3 spriggan defenders (Depths:2)
  14 very ugly things
  10 stone giants
  14 green draconians
  12 purple draconians
  11 deep elf demonologists
  15 black draconians
  2 deep elf annihilators (Elf:3)
  3 minotaurs
  12 red draconians
  10 dire elephants (Vaults:1)
  10 yellow draconians
  8 spark wasps
  The ghost of bairyn the Thaumaturge, a journeyman SpRe of Sif Muna (Lair:5)
  A dire elephant (shapeshifter) (D:11)
  8 deep elf death magi
  8 white draconians
  A merfolk javelineer (Shoals:4)
  13 yaktaur captains
  16 ettins
  A green death (D:8)
  6 fire dragons
  4 merfolk impalers
  3 deep elf high priests
  4 entropy weavers
  2 rakshasas
  15 great orbs of eyes
  3 hydras
  3 hell beasts
  8 ice dragons
  42 vault guards
  An anaconda (shapeshifter) (Vaults:5)
  2 merfolk aquamancers (Shoals:4)
  9 ironbound frosthearts
  A merfolk avatar (Shoals:1)
  3 catoblepae
  5 spriggan air magi
  3 radroaches
  4 ogre magi
  18 centaur warriors
  5 tengu warriors
  8 death scarabs (Spider:4)
  25 dancing weapons
  5 boulder beetles
  11 two-headed ogres
  16 satyrs
  7 death yaks
  5 deep troll earth magi
  3 orc high priests (Orc:2)
  2 deep troll shamans
  Urug (D:13)
  8 thrashing horrors
  A storm dragon zombie (Depths:1)
  2 spriggan berserkers
  5 hell knights
  12 deep elf knights
  The ghost of Drain the Destroyer, a novice OpCj of Gozag (D:9)
  3 sixfirhies
  9 pharaoh ants
  3 skeletal warriors
  6 iron trolls
  11 sun demons
  A shadow wraith (Abyss:4)
  2 wretched stars
  A death drake (shapeshifter) (Vaults:5)
  4 skysharks
  41 deep trolls
  2 sun moths (Spider:1)
  11 sea snakes
  A quicksilver dragon simulacrum (Vaults:4)
  12 orb spiders
  10 wizards
  2 glowing orange brains
  11 deep elf archers
  An obsidian statue (Shoals:2)
  A spectral jorogumo (Spider:4)
  A flayed ghost (Vaults:5)
  11 lindwurms
  An orange crystal statue (Zot:5)
  A tengu zombie (D:15)
  38 harpies
  Pikel (D:6)
  6 necromancers
  9 steelbarb worms
  34 deep elf pyromancers
  21 ironbound convokers
  A mana viper (shapeshifter) (Lair:5)
  9 orc knights
  8 phantasmal warriors
  2 fire giant zombies (D:15)
  41 ugly things
  22 wolf spiders
  5 shining eyes
  24 deep elf zephyrmancers
  9 orc sorcerers
  9 cyclopes
  12 large abominations
  A salamander (Depths:3)
  An oklob plant (D:11)
  A worldbinder (Abyss:4)
  27 fauns
  5 merfolk sirens
  14 manticores
  3 toenail golems (D:11)
  27 moths of wrath
  5 black mambas
  An iron dragon skeleton (Depths:1)
  Maurice (D:11)
  An elf zombie (Vaults:4)
  A centaur zombie (D:9)
  A black mamba (shapeshifter) (Lair:5)
  6 water nymphs
  A stone giant skeleton (Depths:1)
  2 orange demons
  2 eyes of devastation
  2 smoke demons
  2 gargoyles
  9 demonic crawlers
  22 vault sentinels
  A torpor snail (shapeshifter) (Vaults:5)
  9 torpor snails
  2 hellions
  3 unseen horrors
  11 komodo dragons
  12 cane toads
  A kobold demonologist (D:11)
  2 rime drakes
  5 tengu conjurers
  3 redback zombies (Spider:4)
  2 rime drakes (shapeshifter)
  5 freezing wraiths
  3 ice devils
  2 efreet
  16 yaktaurs
  6 ancient zymes
  A silent spectre (Abyss:4)
  3 polar bears
  20 merfolk
  5 trolls
  6 meliai (Spider:2)
  A red devil (D:1)
  8 hornets
  5 wind drakes
  5 spectral tarantellas (Spider:4)
  6 hellwings
  37 tarantellas
  A spectral jumping spider (Spider:4)
  A culicivora zombie (Spider:4)
  6 raiju (Abyss:4)
  19 blink frogs
  2 tarantella zombies (Spider:4)
  An ettin zombie (Vaults:4)
  5 snapping turtles
  22 dream sheep
  88 slime creatures
  5 flying skulls (Abyss:3)
  37 jumping spiders
  4 air elementals
  2 centaur simulacra (D:9)
  Sigmund (D:3)
  5 spriggans
  10 water elementals
  38 yaks
  5 ynoxinuls
  A shadow (D:13)
  22 culicivoras
  3 ettin skeletons
  A fire bat (Abyss:3)
  Eustachio (D:4)
  4 wraiths
  A yak (shapeshifter) (Elf:3)
  12 starcursed masses
  4 wyverns
  5 fire elementals
  6 hogs (D:14)
  8 basilisks
  9 golden eyes
  A fire bat (shapeshifter) (Depths:4)
  2 chaos spawn
  4 steam dragons
  A two-headed ogre zombie (D:10)
  43 redbacks
  3 wargs (Orc:2)
  10 vampire mosquitoes
  A human zombie (Depths:1)
  Edmund (D:4)
  3 acid dragons
  A hell hound (Depths:3)
  2 floating eyes
  12 water moccasins
  A glowing shapeshifter skeleton (Vaults:4)
  31 orc warriors
  An ice beast (D:6)
  3 black bears
  24 ogres
  19 small abominations
  4 boggarts (Vaults:1)
  7 centaurs
  29 wolves
  A lemure (D:6)
  4 phantoms
  3 kobold brigands
  15 bullfrogs
  5 earth elementals
  A gnoll sergeant (D:6)
  6 scorpions
  A wight (D:9)
  3 troll zombies (D:10)
  4 killer bees
  3 vampire bats (D:13)
  2 howler monkeys (D:13)
  3 electric eels
  3 crimson imps
  A hound (D:6)
  19 orc priests
  Crazy Yiuf (D:6)
  2 gnoll boudas
  8 jellies
  3 sleepcaps (D:5)
  9 iguanas
  20 orc wizards
  4 ogre zombies (D:10)
  33 gnolls
  11 adders
  6 white imps
  2 ufetubi
  6 worms
  3 dart slugs
  70 orcs
  3 ball pythons
  11 bats
  7 endoplasms
  3 giant cockroaches
  4 goblins
  5 hobgoblins
  6 jackals
  3 quokkas
  4 frilled lizards
  2 goblin zombies (D:10)
  3 hobgoblin skeletons (D:10)
  4 hobgoblin zombies (D:10)
  14 kobolds
  An orc skeleton (D:10)
  15 orc zombies (D:10)
  4 rats (D:2)
  3 starspawn tentacles (Abyss:2)
2413 creatures vanquished.

Vanquished Creatures (collateral kills)
  An orb of fire (Zot:5)
  A Killer Klown (Zot:5)
  An acid blob (Slime:1)
  A storm dragon (Depths:4)
  A draconian annihilator (Zot:2)
  A quicksilver ooze (Slime:1)
  An ironbound preserver (Vaults:5)
  A deep elf demonologist (Vaults:5)
  A merfolk javelineer (Shoals:2)
  2 vault guards
  An ogre mage (D:15)
  2 two-headed ogres (D:15)
  A jorogumo (Spider:4)
  The ghost of Esekla the Thaumaturge, a journeyman DENe of Vehumet (D:11)
  A sun demon (Depths:3)
  An orange crystal statue (Gauntlet)
  An ugly thing (D:11)
  4 shining eyes
  An orc sorcerer (Vaults:5)
  A torpor snail (shapeshifter) (Vaults:5)
  3 slime creatures (Slime:1)
  An orc warrior (Vaults:5)
  2 centaurs (D:11)
  A gnoll sergeant (D:11)
  A gnoll (D:11)
  An orc (Vaults:5)
34 creatures vanquished.

Vanquished Creatures (others)
  A draconian knight (Zot:1)
  A ghost moth (Spider:2)
  A purple draconian (Zot:5)
  A deep elf knight (Elf:2)
  3 golden eyes (Abyss:4)
  A redback (Spider:4)
  2 orcs
  8 starspawn tentacles
18 creatures vanquished.

Grand Total: 2465 creatures vanquished

Notes
Turn   | Place    | Note
-------+----------+-------------------------------------------
     0 | D:1      | spardeous the Minotaur Berserker began the quest for the
                  | Orb.
     0 | D:1      | Reached XP level 1. HP: 19/19 MP: 0/0
   210 | D:1      | Found a faded altar of an unknown god.
   295 | D:1      | Reached XP level 2. HP: 25/27 MP: 1/1
   677 | D:2      | Identified the +2 ring mail of the Wheelwright {Str+2
                  | Dex+3}
   683 | D:2      | Found a shadowy altar of Dithmenos.
   690 | D:2      | Reached XP level 3. HP: 17/34 MP: 2/2
  1056 | D:2      | Reached ** piety under Trog
  1057 | D:2      | Reached skill level 5 in Axes
  1120 | D:2      | Reached XP level 4. HP: 27/41 MP: 3/3
  2011 | D:3      | Noticed Sigmund
  2024 | D:3      | Killed Sigmund
  2025 | D:3      | Reached XP level 5. HP: 47/47 MP: 4/4
  2025 | D:3      | Reached XP level 6. HP: 53/53 MP: 5/5
  2447 | D:4      | Noticed Eustachio
  2466 | D:4      | Killed Eustachio
  2500 | D:4      | Noticed Edmund
  2514 | D:4      | Killed Edmund
  2515 | D:4      | Reached XP level 7. HP: 60/60 MP: 6/6
  2763 | D:4      | Reached skill level 10 in Axes
  3061 | D:5      | Entered Level 5 of the Dungeon
  3080 | D:5      | Reached skill level 1 in Shields
  3148 | D:5      | Reached *** piety under Trog
  3271 | D:5      | Reached skill level 5 in Shields
  3271 | D:5      | Reached XP level 8. HP: 67/67 MP: 7/7
  3872 | D:6      | Noticed Pikel
  3900 | D:6      | Killed Pikel
  3900 | D:6      | Reached **** piety under Trog
  3901 | D:6      | Reached skill level 10 in Shields
  3901 | D:6      | Reached XP level 9. HP: 58/72 MP: 8/8
  3918 | D:6      | Found an ornate altar of the Wu Jian Council.
  4131 | D:6      | Reached skill level 5 in Fighting
  4177 | D:6      | Found a runed translucent door.
  4178 | D:6      | Noticed Crazy Yiuf
  4405 | D:6      | Killed Crazy Yiuf
  4523 | D:7      | Found a staircase to the Ecumenical Temple.
  4903 | D:7      | Noticed a cyclops
  4911 | D:7      | Killed a cyclops
  4961 | D:7      | Found a broken altar of Ashenzari.
  4965 | D:7      | Saw a vision of the Shoals and the Spider Nest.
  4965 | D:7      | Noticed a pharaoh ant
  4965 | D:7      | Noticed a demonic crawler
  4965 | D:7      | Noticed a steelbarb worm
  4965 | D:7      | Noticed a merfolk siren
  4965 | D:7      | Noticed a merfolk
  4965 | D:7      | Noticed a wind drake
  4965 | D:7      | Noticed a demonic crawler
  4965 | D:7      | Noticed a merfolk impaler
  4966 | D:7      | Noticed a merfolk javelineer
  4966 | D:7      | Noticed a merfolk impaler
  4966 | D:7      | Noticed a merfolk siren
  4966 | D:7      | Noticed a steelbarb worm
  4967 | D:7      | Noticed a pharaoh ant
  4967 | D:7      | Noticed a water nymph
  5542 | D:8      | Reached ***** piety under Trog
  5590 | D:8      | Reached skill level 10 in Fighting
  5826 | D:8      | Reached XP level 10. HP: 93/93 MP: 9/9
  6197 | D:8      | You are sucked into a shaft and drop 3 floors!
  6227 | D:11     | Noticed a manticore
  6229 | D:11     | Noticed Maurice
  6243 | D:11     | Killed a manticore
  6252 | D:11     | Killed Maurice
  6253 | D:11     | Reached skill level 5 in Armour
  6381 | D:11     | Noticed a centaur warrior
  6392 | D:11     | Killed a centaur warrior
  6422 | D:11     | Found a staircase to the Lair.
  6422 | D:11     | Noticed an oklob plant
  6435 | D:11     | Noticed a centaur warrior
  6444 | D:11     | Killed a centaur warrior
  6561 | D:11     | Noticed a toenail golem
  6562 | D:11     | Found a transporter.
  6565 | D:11     | Noticed a toenail golem
  6583 | D:11     | Reached skill level 10 in Armour
  6623 | D:11     | Noticed a wizard
  6624 | D:11     | Noticed a purple ugly thing
  6624 | D:11     | Noticed a wizard
  6624 | D:11     | Noticed a skeletal warrior
  6626 | Abyss:2  | Cast into level 2 of the Abyss (a wizard)
  6644 | D:11     | Escaped the Abyss
  6653 | D:11     | Killed a wizard
  6682 | D:11     | Noticed a boulder beetle
  6684 | D:11     | Found a runed translucent door.
  6700 | D:11     | Found a transporter.
  6760 | D:11     | Noticed a two-headed ogre
  6760 | D:11     | Noticed a two-headed ogre
  6774 | D:11     | Killed a two-headed ogre
  6775 | D:11     | Reached XP level 11. HP: 99/99 MP: 10/10
  6779 | D:11     | Killed a two-headed ogre
  6833 | D:11     | Reached skill level 5 in Dodging
  6837 | D:11     | Noticed a white ugly thing
  6847 | D:11     | Identified the ring of Devotion {rF+ rN+}
  6847 | D:11     | Noticed a deep elf pyromancer
  6847 | D:11     | Noticed a centaur warrior
  6848 | D:11     | Noticed an orc knight
  6848 | D:11     | Noticed an ogre mage
  6854 | D:11     | Noticed a harpy
  6856 | D:11     | a harpy changed into an entropy weaver
  6856 | D:11     | Noticed an entropy weaver (glowing shapeshifter)
  6987 | D:11     | Noticed Esekla's ghost (journeyman DENe)
  7043 | D:11     | Noticed a catoblepas
  7044 | D:11     | a catoblepas changed into a storm dragon
  7044 | D:11     | Noticed a storm dragon (glowing shapeshifter)
  7045 | D:11     | a storm dragon changed into a great orb of eyes
  7045 | D:11     | Noticed a great orb of eyes (glowing shapeshifter)
  7050 | D:11     | Noticed an ettin
  7050 | D:11     | an ettin changed into a radroach
  7050 | D:11     | Noticed a radroach (glowing shapeshifter)
  7054 | D:11     | a radroach changed into a seven-headed hydra
  7054 | D:11     | Noticed a seven-headed hydra (glowing shapeshifter)
  7060 | D:11     | Noticed a spark wasp
  7067 | D:11     | a spark wasp changed into an anaconda
  7067 | D:11     | Noticed an anaconda (glowing shapeshifter)
  7072 | D:11     | an anaconda changed into a wolf spider
  7072 | D:11     | Noticed a wolf spider (glowing shapeshifter)
  7079 | D:11     | Noticed a quicksilver ooze
  7085 | D:11     | a quicksilver ooze changed into an eleionoma
  7085 | D:11     | Noticed an eleionoma (glowing shapeshifter)
  7087 | D:11     | an eleionoma changed into a sphinx
  7087 | D:11     | Noticed a sphinx (glowing shapeshifter)
  7094 | D:10     | Entered Level 10 of the Dungeon
  7236 | D:10     | Identified the +4 dagger "Rekeh" {elec, rN+}
  7283 | D:10     | Found Nax Koqa's Antique Weapon Shop.
  7283 | D:10     | Noticed a cyan ugly thing
  7302 | D:10     | Killed a cyan ugly thing
  7352 | D:10     | Found a staircase to the Orcish Mines.
  7825 | D:9      | Found a runed translucent gate.
  7825 | D:9      | Found a runed translucent gate.
  7825 | D:9      | Found a runed translucent gate.
  7852 | D:9      | Found a snail-covered altar of Cheibriados.
  7944 | D:9      | Noticed a deep elf pyromancer
  7948 | D:9      | Killed a deep elf pyromancer
  8070 | D:9      | Noticed a two-headed ogre
  8081 | D:9      | Killed a two-headed ogre
  8157 | D:9      | Found a shimmering altar of Xom.
  8441 | D:9      | Received a gift from Trog
  8466 | D:9      | Noticed a two-headed ogre
  8476 | D:9      | Killed a two-headed ogre
  8635 | D:9      | Noticed Drain's ghost (novice OpCj)
  8655 | D:9      | Killed Drain's ghost
  8656 | D:9      | Reached XP level 12. HP: 88/106 MP: 11/11
  8870 | D:11     | Noticed a shard shrike
  8870 | D:11     | a shard shrike changed into an iron giant
  8870 | D:11     | Noticed an iron giant (glowing shapeshifter)
  8886 | D:11     | an iron giant changed into an iron troll
  8887 | D:11     | an iron troll changed into a frost giant
  8887 | D:11     | Noticed a frost giant (glowing shapeshifter)
  8889 | D:11     | a frost giant changed into a shadow dragon
  8889 | D:11     | Noticed a shadow dragon (glowing shapeshifter)
  9018 | D:12     | Identified a scroll of acquirement
  9067 | D:12     | Reached skill level 10 in Dodging
  9282 | D:12     | Noticed a centaur warrior
  9289 | D:12     | Killed a centaur warrior
  9491 | D:13     | Noticed a catoblepas
  9500 | D:13     | Killed a catoblepas
  9548 | D:13     | Noticed a centaur warrior
  9555 | D:13     | Killed a centaur warrior
  9826 | D:13     | Noticed Urug
  9838 | D:13     | Killed Urug
  9839 | D:13     | Reached skill level 15 in Axes
 10088 | D:13     | Found a gate to the Vaults.
 10088 | D:13     | Noticed a vault guard
 10088 | D:13     | Noticed a vault guard
 10088 | D:13     | Noticed a four-headed hydra
 10088 | D:13     | Noticed a vault guard
 10088 | D:13     | Noticed a centaur warrior
 10088 | D:13     | Noticed a catoblepas
 10088 | D:13     | Noticed a vault guard
 10155 | D:13     | Killed a two-headed hydra
 10204 | D:12     | Killed a vault guard
 10207 | D:12     | Killed a vault guard
 10230 | D:12     | Killed a vault guard
 10285 | D:13     | Killed a centaur warrior
 10384 | D:13     | Killed a catoblepas
 10385 | D:13     | Reached XP level 13. HP: 26/113 MP: 12/12
 10965 | D:14     | Noticed Kirke
 10965 | D:14     | Noticed a fire dragon
 10982 | D:14     | Killed a fire dragon
 10982 | D:14     | Killed Kirke
 11037 | D:14     | Identified the +5 hand axe of Yrphek {heavy, Will+} (Trog
                  | gifted it to you on level 14 of the Dungeon)
 11037 | D:14     | Received a gift from Trog
 11325 | D:15     | Entered Level 15 of the Dungeon
 11452 | D:15     | Reached skill level 1 in Evocations
 11501 | D:15     | Reached skill level 5 in Evocations
 11522 | D:15     | Found a gate leading to a gauntlet.
 11539 | Gauntlet | Entered a Gauntlet
 11539 | Gauntlet | Found a transporter.
 11539 | Gauntlet | Found a transporter.
 11544 | Gauntlet | Found a transporter.
 11559 | Gauntlet | Found a transporter.
 11575 | Gauntlet | Found a transporter.
 11587 | Gauntlet | Found a transporter.
 11663 | Gauntlet | Found a transporter.
 11678 | Gauntlet | Found a transporter.
 11692 | Gauntlet | Found a transporter.
 11705 | Gauntlet | Found a transporter.
 11721 | Gauntlet | Found a transporter.
 11788 | Gauntlet | Found a transporter.
 11800 | Gauntlet | Found a transporter.
 11808 | Gauntlet | Found a transporter.
 11832 | Gauntlet | Found a transporter.
 11842 | Gauntlet | Found a transporter.
 11933 | Gauntlet | Identified the +4 hat "Plog" {Dex+4}
 11975 | Gauntlet | Identified the ring of Osuext {rF+ Slay+3}
 12017 | Gauntlet | Noticed a minotaur
 12033 | Gauntlet | Killed a minotaur
 12186 | D:15     | Found a staircase to the Depths.
 12193 | D:15     | Reached skill level 1 in Stealth
 12559 | D:15     | Reached XP level 14. HP: 108/121 MP: 13/13
 12961 | D:15     | Reached skill level 5 in Stealth
 13243 | D:11     | an iron troll changed into a fenstrider witch
 13243 | D:11     | Noticed a fenstrider witch (glowing shapeshifter)
 13248 | D:11     | Noticed a storm dragon
 13254 | D:11     | a storm dragon changed into a dire elephant
 13261 | D:11     | Received a gift from Trog
 13294 | D:11     | Got the Octavo of Wicked Liturgies
 13411 | D:11     | Found a one-way gate to the infinite horrors of the Abyss.
 13445 | D:11     | Killed Esekla's ghost
 13578 | D:11     | Acquired the +3 Mad Mage's Maulers {Infuse+∞ VampMP -Cast}
 13578 | D:11     | Found the +3 Mad Mage's Maulers {Infuse+∞ VampMP -Cast}
 13738 | Lair:1   | Entered Level 1 of the Lair of Beasts
 16153 | Lair:2   | Found a staircase to the Shoals.
 17018 | Lair:3   | Found a hole to the Spider Nest.
 17044 | Lair:3   | Reached XP level 15. HP: 119/137 MP: 3/14
 18308 | Lair:4   | You fall into a shaft and drop 1 floor!
 18308 | Lair:5   | Entered Level 5 of the Lair of Beasts
 18349 | Lair:5   | Noticed bairyn's ghost (journeyman SpRe)
 18353 | Lair:5   | Found a runed translucent door.
 18874 | Lair:5   | Reached skill level 15 in Fighting
 18875 | Lair:5   | Found a staircase to the Slime Pits.
 19152 | Lair:5   | Received a gift from Trog
 19768 | Lair:5   | Found a corrupted altar of Lugonu.
 19782 | Lair:5   | Got the Folio of the Jinx
 20597 | Lair:5   | Killed bairyn's ghost
 21110 | Lair:4   | Received a gift from Trog
 21965 | Orc:1    | Entered Level 1 of the Orcish Mines
 22425 | Orc:2    | Entered Level 2 of the Orcish Mines
 22426 | Orc:2    | Found Bieteatu's General Store.
 22536 | Orc:2    | Reached ****** piety under Trog
 22833 | Orc:2    | Found Meoqofat's Antique Armour Shoppe.
 22878 | Orc:2    | Found Vept's Jewellery Emporium.
 22884 | Orc:2    | Noticed Donald
 22890 | Orc:2    | Received a gift from Trog
 22896 | Orc:2    | Killed Donald
 22910 | Orc:2    | Found a staircase to the Elven Halls.
 23260 | Orc:2    | Found Ammo Moo's Antique Weapon Emporium.
 23516 | Orc:1    | Reached XP level 16. HP: 151/151 MP: 3/15
 23827 | Orc:2    | Bought a pitted ring mail for 333 gold pieces
 23827 | Orc:2    | Identified the +5 ring mail of Kleptomania {Dex+3 Stlth+}
                  | (You bought it in a shop on level 2 of the Orcish Mines)
 23968 | Spider:1 | Entered Level 1 of the Spider Nest
 24072 | Spider:1 | Acquired a manual of Fighting
 24903 | Spider:1 | Received a gift from Trog
 25077 | Spider:1 | Noticed Asterion
 25084 | Spider:1 | Killed Asterion
 26771 | Spider:2 | You fall into a shaft and drop 1 floor!
 27534 | Spider:3 | Identified the ring of Zekhirio {rPois Str+8 Dex+2 Stlth-}
 28335 | Spider:2 | Received a gift from Trog
 28737 | Spider:2 | Found the +8 storm bow {elec, penet}
 28753 | Spider:2 | Reached XP level 17. HP: 118/168 MP: 3/16
 29008 | Spider:2 | Reached skill level 15 in Shields
 29351 | Spider:4 | Entered Level 4 of the Spider Nest
 30429 | Spider:4 | Received a gift from Trog
 30753 | Spider:4 | Noticed Arachne
 30767 | Spider:4 | Killed Arachne
 31408 | Spider:4 | Noticed Nikola
 31425 | Spider:4 | Killed Nikola
 32041 | Spider:4 | Got a gossamer rune of Zot
 34704 | Depths:1 | Entered Level 1 of the Depths
 34704 | Depths:1 | Noticed a lich
 34707 | Depths:1 | Killed a lich
 34824 | Depths:1 | Found a transporter.
 34827 | Depths:1 | Found a transporter.
 34848 | Depths:1 | Found a transporter.
 34852 | Depths:1 | Found a transporter.
 34856 | Depths:1 | Found a transporter.
 34892 | Depths:1 | Found a transporter.
 35428 | Depths:1 | Received a gift from Trog
 35876 | Depths:1 | Found a gateway to Hell.
 35884 | Depths:1 | Reached XP level 18. HP: 192/192 MP: 2/17
 37061 | Depths:2 | Found Ruofutiwk's General Store.
 37074 | Depths:2 | Paralysed by a vampire knight for 5 turns
 37400 | Depths:2 | Found a one-way gate leading to the halls of Pandemonium.
 37687 | Depths:2 | Found Requosh's Antique Armour Shop.
 37698 | Depths:2 | Bought a glimmering plate armour for 1204 gold pieces
 37698 | Depths:2 | Identified the +9 plate armour of Charity {rPois Str+4}
                  | (You bought it in a shop on level 2 of the Depths)
 38543 | Depths:3 | Received a gift from Trog
 38720 | Depths:3 | Gained mutation: Armour fits poorly on your strangely
                  | shaped body. [a shining eye]
 38727 | Depths:3 | Gained mutation: You occasionally lose the ability to read
                  | scrolls when taking damage. [a shining eye]
 38729 | Depths:3 | Gained mutation: You are dopey. (Int -2) [a shining eye]
 38804 | Depths:3 | Lost mutation: You are dopey. (Int -2) [potion of mutation]
 38804 | Depths:3 | Lost mutation: Armour fits poorly on your strangely shaped
                  | body. [potion of mutation]
 38804 | Depths:3 | Gained mutation: You are dopey. (Int -2) [potion of
                  | mutation]
 38804 | Depths:3 | Gained mutation: You have hidden genetic potential. [potion
                  | of mutation]
 38805 | Depths:3 | Lost mutation: You have hidden genetic potential. [potion
                  | of mutation]
 38805 | Depths:3 | Lost mutation: You occasionally lose the ability to read
                  | scrolls when taking damage. [potion of mutation]
 38805 | Depths:3 | Lost mutation: You are dopey. (Int -2) [potion of mutation]
 38805 | Depths:3 | Gained mutation: You occasionally shout uncontrollably at
                  | your foes. [potion of mutation]
 38806 | Depths:3 | Lost mutation: You occasionally shout uncontrollably at
                  | your foes. [potion of mutation]
 38806 | Depths:3 | Gained mutation: You possess an exceptional clarity of
                  | mind. [potion of mutation]
 38806 | Depths:3 | Gained mutation: You have a pair of large horns on your
                  | head. [potion of mutation]
 38807 | Depths:3 | Lost mutation: You possess an exceptional clarity of mind.
                  | [potion of mutation]
 38807 | Depths:3 | Lost mutation: You have a pair of large horns on your head.
                  | [potion of mutation]
 38807 | Depths:3 | Gained mutation: You are frail. (-10% HP) [potion of
                  | mutation]
 38807 | Depths:3 | Gained mutation: You have large cloven feet. [potion of
                  | mutation]
 38807 | Depths:3 | Gained mutation: You are agile. (Dex +4, Str/Int -1)
                  | [potion of mutation]
 38898 | Depths:3 | Gained mutation: You occasionally lose the ability to drink
                  | potions when taking damage. [a shining eye]
 38906 | Depths:3 | Gained mutation: You are partially covered in iridescent
                  | scales. (AC +2) [a shining eye]
 38909 | Depths:3 | Gained mutation: Your magical capacity is low. (-10% MP) [a
                  | shining eye]
 38914 | Depths:3 | Gained mutation: Your spells are a little easier to cast,
                  | but a little less powerful. [a shining eye]
 39431 | Depths:3 | Found Ahemno Haps's Armour Boutique.
 40118 | Depths:4 | Entered Level 4 of the Depths
 40563 | Depths:4 | Noticed a lich
 40574 | Depths:4 | Killed a lich
 40574 | Depths:4 | Received a gift from Trog
 40578 | Depths:4 | Noticed a tentacled monstrosity
 40591 | Depths:4 | Reached skill level 15 in Armour
 40591 | Depths:4 | Reached XP level 19. HP: 154/183 MP: 1/16
 40871 | Depths:4 | Found a runed translucent door.
 40871 | Depths:4 | Found a shimmering altar of Xom.
 40871 | Depths:4 | Noticed Ubraesch's ghost (adept TrMo)
 41187 | Depths:4 | Found Goetoiwk's Antique Weapon Shoppe.
 41187 | Depths:4 | Found Ceajorha's Antique Armour Emporium.
 41188 | Depths:4 | Found Gex Otun's Weapon Emporium.
 41192 | Depths:4 | Found Wuphue's General Store.
 41218 | Depths:4 | Found a one-way gateway to a ziggurat.
 41245 | Depths:4 | Identified the +3 ring mail "Arphenuf" {rN+ MP-9 Dex+3}
 42129 | Depths:4 | Found a gate to the Realm of Zot.
 42343 | Depths:4 | Killed Ubraesch's ghost
 42501 | Depths:4 | Bought a scroll of acquirement for 1196 gold pieces
 42501 | Depths:4 | Acquired the ring "Doegon" {Will++ AC+4}
 42760 | Elf:1    | Entered Level 1 of the Elven Halls
 42861 | Elf:1    | Found Caheh's Jewellery Boutique.
 43247 | Elf:1    | Received a gift from Trog
 43564 | Elf:1    | Identified the staff of air "Aloebir" {rElec rPois rF+
                  | Str-5 Int+3}
 44475 | Elf:2    | Found a portal to a secret trove of treasure.
 45274 | Elf:2    | Paralysed by an air elemental for 1 turns
 45982 | Elf:2    | Received a gift from Trog
 46062 | Elf:2    | Found a runed translucent gate.
 46063 | Elf:2    | Found a runed translucent gate.
 46063 | Elf:2    | Found a runed translucent gate.
 46170 | Elf:2    | Reached skill level 15 in Dodging
 46981 | Depths:4 | Bought a heavily runed plate armour for 1288 gold pieces
 46981 | Depths:4 | Identified the +0 plate armour of Fedhas's Approval {rElec
                  | rPois} (You bought it in a shop on level 4 of the Depths)
 47212 | Shoals:1 | Entered Level 1 of the Shoals
 48602 | Shoals:2 | Found a runed translucent gate.
 48602 | Shoals:2 | Found a runed translucent gate.
 48602 | Shoals:2 | Found a runed translucent gate.
 48604 | Shoals:2 | Found an opulent altar of Gozag.
 48606 | Shoals:2 | Noticed Wiggles's ghost (adept MiBe)
 48607 | Shoals:2 | Found Foxy's Assorted Antiques.
 49161 | Shoals:2 | Reached XP level 20. HP: 175/191 MP: 5/17
 49164 | Shoals:2 | Received a gift from Trog
 49643 | Shoals:2 | Killed Wiggles's ghost
 50087 | Elf:2    | You paid a toll of 6 scrolls of fear to enter a treasure
                  | trove
 50088 | Trove    | Entered a treasure trove
 50744 | Shoals:3 | Found Qodeakkoo's Self-Improvement Boutique.
 51793 | Shoals:4 | Entered Level 4 of the Shoals
 51793 | Shoals:4 | Noticed Polyphemus
 51797 | Shoals:4 | Received a gift from Trog
 51803 | Shoals:4 | Killed Polyphemus
 52098 | Shoals:4 | Noticed Aizul
 52109 | Shoals:4 | Killed Aizul
 52700 | Shoals:4 | Got a barnacled rune of Zot
 53626 | Elf:3    | Entered Level 3 of the Elven Halls
 53760 | Elf:3    | Noticed Louise
 53763 | Elf:3    | Killed Louise
 54305 | Elf:3    | Found Labydd's Book Emporium.
 54394 | Elf:3    | Found Ceyba's Antique Armour Shoppe.
 54520 | Elf:3    | Found Tothorr's Antique Weapon Shoppe.
 54566 | Elf:3    | Received a gift from Trog
 55044 | Elf:3    | Found Bastroo's Book Shop.
 55736 | Elf:3    | Identified the +10 short sword "Varopapy" {speed, rPois rC+
                  | rN++ Int+2}
 55736 | Elf:3    | Identified the amulet "Kusomy" {Spirit rC+ rCorr}
 55737 | Elf:3    | Identified the ring of Geskyariu {Contam rF+ Will++ Int+4
                  | Dex+3}
 56132 | Elf:3    | Reached XP level 21. HP: 118/184 MP: 5/17
 56150 | Elf:3    | Identified the +1 war axe of the Wary Souls {flame, Will-
                  | Str+3 Dex+6 Stlth+}
 56158 | Elf:3    | Paralysed by an air elemental for 1 turns
 56452 | Elf:3    | Acquired the +7 tower shield "Utiuheg" {rC+}
 56732 | Elf:3    | Identified the +1 sling of Spontaneous Combustion {heavy,
                  | rPois rCorr Str+4}
 56733 | Elf:3    | Identified the staff of earth "Xamug" {rElec Str+3}
 56755 | Elf:3    | Identified the staff of earth "Sayhesme" {rPois rF+ Int-5
                  | Dex+3}
 57047 | Elf:3    | Found Bastroo's Book Shop.
 57465 | Elf:3    | Found Tothorr's Antique Weapon Shoppe.
 57481 | Elf:3    | Found Ceyba's Antique Armour Shoppe.
 57489 | Elf:3    | Found Labydd's Book Emporium.
 57819 | Vaults:1 | Entered Level 1 of the Vaults
 58331 | Vaults:1 | Received a gift from Trog
 59535 | Vaults:1 | Received a gift from Trog
 60556 | Vaults:2 | Found a flickering gateway to a bazaar.
 60665 | Bazaar   | Entered a bazaar
 60698 | Bazaar   | Found Xoarea's Assorted Antiques.
 60702 | Bazaar   | Found Qesudod's Antique Armour Boutique.
 60702 | Bazaar   | Found Mostot's Antique Weapon Boutique.
 60703 | Bazaar   | Found Noceiwn's Armour Boutique.
 60738 | Bazaar   | Bought a fading chain mail for 142 gold pieces
 60738 | Bazaar   | Identified the +6 chain mail of Koaf {Rampage Int+6 Slay-4
                  | Stlth+} (You bought it in a shop in a bazaar)
 60738 | Bazaar   | Bought a fading scale mail for 135 gold pieces
 60738 | Bazaar   | Identified the +2 scale mail of Majestic the Leaf {+Inv
                  | rC++ Str+3} (You bought it in a shop in a bazaar)
 60751 | Bazaar   | Bought a topaz-encrusted leather armour for 133 gold pieces
 60751 | Bazaar   | Identified the +0 leather armour of the Kettle-Drum {rElec
                  | Dex+4} (You bought it in a shop in a bazaar)
 60757 | Bazaar   | Bought a potion of resistance for 190 gold pieces
 60757 | Bazaar   | Bought a scroll of enchant weapon for 142 gold pieces
 60769 | Bazaar   | Bought 2 potions of magic for 304 gold pieces
 61886 | Vaults:2 | Found a staircase to the Crypt.
 62026 | Vaults:2 | Received a gift from Trog
 62187 | Vaults:2 | Identified the +5 battleaxe "Equsau" {freeze, rF+ rC++
                  | Dex+3 Stlth+}
 62659 | Vaults:2 | Reached XP level 22. HP: 205/205 MP: 4/18
 64238 | Vaults:3 | Received a gift from Trog
 64478 | Vaults:3 | You fall into a shaft and drop 1 floor!
 64478 | Vaults:4 | Noticed Zenata
 64505 | Vaults:4 | Killed Zenata
 64506 | Vaults:4 | Noticed Mara
 64516 | Vaults:4 | Noticed spardeous's illusion
 64523 | Vaults:4 | Killed Mara
 65203 | Vaults:4 | Noticed Mennas
 65227 | Vaults:4 | Killed Mennas
 65721 | Shoals:3 | Bought a manual of Axes for 1040 gold pieces
 66232 | Vaults:3 | Received a gift from Trog
 68087 | Vaults:4 | Noticed Margery
 68111 | Vaults:4 | Killed Margery
 69612 | Vaults:4 | Received a gift from Trog
 69959 | Vaults:5 | Entered Level 5 of the Vaults
 69973 | Vaults:5 | Reached XP level 23. HP: 211/212 MP: 2/19
 70007 | Vaults:5 | Reached skill level 27 in Axes
 70013 | Vaults:5 | Noticed Xtahua
 70022 | Vaults:5 | Killed Xtahua
 70025 | Vaults:5 | Noticed an ancient lich
 70108 | Vaults:5 | Received a gift from Trog
 70124 | Vaults:5 | Killed an ancient lich
 70126 | Vaults:5 | Reached skill level 27 in Armour
 70192 | Vaults:5 | Noticed Saint Roka
 70206 | Vaults:5 | Killed Saint Roka
 70233 | Vaults:5 | Identified the +5 pair of boots of Analysis {Stlth+}
 70400 | Vaults:5 | Received a gift from Trog
 70578 | Vaults:5 | Got a silver rune of Zot
 70615 | Vaults:5 | Identified the +8 battleaxe of the Original Sin {drain,
                  | Str+2 Int+2}
 70615 | Vaults:5 | Identified the ring of Juiruah {rElec rN+ Will+}
 70658 | Vaults:5 | Reached skill level 27 in Fighting
 70680 | Vaults:5 | Identified the +7 trident "Ovae" {heavy, rC- rN+ Will+}
 71331 | Vaults:5 | Identified the +0 pair of gloves of the Centipede {Str+9
                  | Slay-6}
 71539 | Vaults:5 | Identified the ring of the Invisible Hand {+Blink rN+
                  | Dex+2}
 72052 | Vaults:5 | Identified the staff of earth "Kudipt" {rF++ MP+9 Int-4
                  | SInv}
 74030 | Zot:1    | Entered Level 1 of the Realm of Zot
 74034 | Zot:1    | Identified the +10 halberd of Defiance {protect, *Noise
                  | rPois rF++ Stlth+}
 74045 | Zot:1    | Noticed a Killer Klown
 74048 | Zot:1    | Noticed a Killer Klown
 74049 | Zot:1    | Noticed a dread lich
 74067 | Zot:1    | Killed a dread lich
 74068 | Zot:1    | Reached skill level 10 in Stealth
 74092 | Zot:1    | Killed a Killer Klown
 74094 | Zot:1    | Killed a Killer Klown
 74335 | Zot:1    | Reached XP level 24. HP: 222/224 MP: 3/19
 74950 | Zot:1    | Received a gift from Trog
 76600 | Zot:1    | Acquired 509 gold pieces
 78034 | Zot:2    | Received a gift from Trog
 78743 | Zot:3    | Found a runed translucent gate.
 78743 | Zot:3    | Found a runed translucent gate.
 78744 | Zot:3    | Found a runed translucent gate.
 78745 | Zot:3    | Found an ancient bone altar of Kikubaaqudgha.
 78746 | Zot:3    | Noticed an ancient lich
 78746 | Zot:3    | Noticed Muataran's ghost (veteran MiMo)
 78746 | Zot:3    | Noticed an ancient lich
 78747 | Zot:3    | Noticed a dread lich
 78747 | Zot:3    | Noticed a dread lich
 79404 | Zot:3    | Found the +4 dragonskin cloak
 79404 | Zot:3    | Noticed Tiamat
 79424 | Zot:3    | Reached skill level 15 in Stealth
 79452 | Zot:3    | Killed Tiamat
 79923 | Zot:3    | Killed a dread lich
 79928 | Zot:3    | Killed an ancient lich
 79930 | Zot:3    | Killed an ancient lich
 79931 | Zot:3    | Killed a dread lich
 79935 | Zot:3    | Killed Muataran's ghost
 79936 | Zot:3    | Reached XP level 25. HP: 231/231 MP: 3/19
 79957 | Zot:3    | Identified the ring "Tyodgh" {rC+ rCorr Int+3 Dex+3}
 79965 | Zot:3    | Identified the +4 cloak of Vampiric Thralls {+Blink Int+4}
 79972 | Zot:3    | Identified the ring "Qeqav" {rElec rC- rN+ rCorr Str+3
                  | Stlth+}
 80510 | Zot:4    | Received a gift from Trog
 80819 | Zot:4    | Noticed a Killer Klown
 80820 | Zot:4    | Noticed Vv
 80844 | Zot:4    | Killed Vv
 80852 | Zot:4    | Killed a Killer Klown
 81510 | Zot:5    | Entered Level 5 of the Realm of Zot
 82746 | Zot:5    | Noticed an ancient lich
 82817 | Zot:5    | Killed an ancient lich
 82923 | Zot:5    | Noticed an orb of fire
 82924 | Zot:5    | Lost mutation: You are agile. (Dex +4, Str/Int -1) [an orb
                  | of fire]
 82928 | Zot:5    | Noticed a Killer Klown
 82932 | Zot:5    | Killed an orb of fire
 82936 | Zot:5    | Noticed a Killer Klown
 82937 | Zot:5    | Noticed a Killer Klown
 82941 | Zot:5    | Noticed a Killer Klown
 82948 | Zot:5    | Killed a Killer Klown
 82951 | Zot:5    | Killed a Killer Klown
 82955 | Zot:5    | Killed a Killer Klown
 82965 | Zot:5    | Killed a Killer Klown
 83072 | Zot:5    | Received a gift from Trog
 83268 | Zot:5    | Noticed a Killer Klown
 83281 | Zot:5    | Killed a Killer Klown
 83431 | Zot:5    | Noticed a Killer Klown
 83444 | Zot:5    | Killed a Killer Klown
 83705 | Zot:5    | Reached XP level 26. HP: 239/239 MP: 4/19
 84040 | Zot:5    | Noticed an orb of fire
 84041 | Zot:5    | Gained mutation: You occasionally shout uncontrollably at
                  | your foes. [an orb of fire]
 84051 | Zot:5    | Killed an orb of fire
 84061 | Zot:5    | Noticed an orb of fire
 84074 | Zot:5    | Gained mutation: You sometimes lose your temper in combat.
                  | [an orb of fire]
 84077 | Zot:5    | Killed an orb of fire
 84213 | Zot:5    | Identified the +1 shortbow "Ucuhoff" {freeze, rElec rPois
                  | Int+3 Dex+4}
 84860 | Zot:5    | Lost mutation: You sometimes lose your temper in combat.
                  | [potion of mutation]
 84860 | Zot:5    | Lost mutation: You are partially covered in iridescent
                  | scales. (AC +2) [potion of mutation]
 84860 | Zot:5    | Lost mutation: You occasionally shout uncontrollably at
                  | your foes. [potion of mutation]
 84860 | Zot:5    | Gained mutation: You have very sharp teeth. [potion of
                  | mutation]
 84860 | Zot:5    | Gained mutation: Your magical capacity is very low. (-20%
                  | MP) [potion of mutation]
 84861 | Zot:5    | Lost mutation: Your spells are a little easier to cast, but
                  | a little less powerful. [potion of mutation]
 84861 | Zot:5    | Lost mutation: You have large cloven feet. [potion of
                  | mutation]
 84861 | Zot:5    | Lost mutation: You occasionally lose the ability to drink
                  | potions when taking damage. [potion of mutation]
 84861 | Zot:5    | Gained mutation: You are partially covered in large bone
                  | plates. (SH +4) [potion of mutation]
 85303 | Slime:1  | Entered Level 1 of the Pits of Slime
 85436 | Slime:1  | Lost mutation: Your magical capacity is very low. (-20% MP)
                  | [a shining eye]
 85437 | Slime:1  | Gained mutation: Your body sometimes deteriorates upon
                  | taking damage. [a shining eye]
 86164 | Slime:2  | Received a gift from Trog
 87644 | Slime:3  | Gained mutation: You are dopey. (Int -2) [a shining eye]
 87646 | Slime:3  | Gained mutation: You are clumsy. (Dex -2) [a shining eye]
 88563 | Slime:4  | Gained mutation: Armour fits poorly on your strangely
                  | shaped body. [a shining eye]
 89479 | Slime:5  | Entered Level 5 of the Pits of Slime
 90340 | Slime:5  | Noticed the Royal Jelly
 91434 | Slime:5  | Reached skill level 27 in Shields
 91599 | Slime:5  | Killed the Royal Jelly
 91818 | Slime:5  | Found the +10 dark maul {heavy}
 91822 | Slime:5  | Identified the staff of earth "Honuruph" {Int+3}
 91828 | Slime:5  | Identified the +5 ring mail of the Spheres {Rampage rElec
                  | rPois rCorr}
 91841 | Slime:5  | Got a slimy rune of Zot
 91857 | Slime:5  | Identified the amulet of Impatience {Faith rElec rC+ Dex+5}
 91863 | Slime:5  | Identified the +1 battleaxe "Hogaosm" {heavy, rPois Dex+8
                  | Stlth-}
 91892 | Slime:5  | Identified the +2 ring mail of the Hidden Yaks {rN+}
 93144 | Depths:4 | Bought a potion of haste for 230 gold pieces
 93144 | Depths:4 | Bought a potion of heal wounds for 115 gold pieces
 93144 | Depths:4 | Bought a scroll of teleportation for 69 gold pieces
 93372 | Orc:2    | Bought a potion of might for 64 gold pieces
 93515 | Shoals:2 | Bought a scroll of teleportation for 120 gold pieces
 93515 | Shoals:2 | Bought a scroll of enchant armour for 300 gold pieces
 93773 | Depths:3 | Voluntarily entered the Abyss.
 93775 | Abyss:2  | Found a corrupted altar of Lugonu.
 94194 | Abyss:4  | Paralysed by a floating eye for 2 turns
 94200 | Abyss:4  | Got an abyssal rune of Zot
 94382 | Abyss:4  | Received a gift from Trog
 94458 | Depths:3 | Escaped the Abyss
 94799 | Zot:5    | Got the Orb of Zot
 95292 | D:11     | Reached XP level 27. HP: 245/245 MP: 8/19
 95527 | D:1      | Noticed Womavaup the pandemonium lord
 95540 | D:1      | Killed Womavaup the pandemonium lord
 95593 | D:1      | Identified the +2 flail of the Dark Horse {flame, Str+7
                  | Dex+4} (Trog gifted it to you on level 1 of the Dungeon)
 95593 | D:1      | Received a gift from Trog
 95607 | D:$      | Escaped with the Orb!

Illustrated notes

Levels and vault maps discovered:
D:1:      dpeg_arrival_tiny_j, layout_basic,
          shapermc_ecumenical_altar_mp_urbaneastern
D:2:      layout_basic, basic_altar, minmay_quantized
D:3:      layout_loops_ring, uniq_sigmund
D:4:      minmay_spotlight, layout_loops_ring, corexii_hall_statues_s,
          uniq_eustachio, uniq_edmund
D:5:      layout_rooms, minmay_statues_item, hellmonk_no_cap
D:6:      layout_loops_ring, mainiacjoe_overflow_small_starburst, uniq_pikel,
          uniq_crazy_yiuf_cottage
D:7:      layout_loops_ring, grunt_ashenzari_visionary
          [grunt_ashenzari_visionary_shoals, grunt_ashenzari_visionary_spider],
          minmay_temple_entry_proselytizer
D:8:      layout_layer_cave, minmay_quadrilaterals
D:9:      layout_roguey, slow_altar_1, tgw_xom, gammafunk_ghost_necromancy
D:10:     lemuel_ice_spiral_2, layout_rooms, zombieorc2_lemuel, serial_shops,
          shop, minivault_14, nicolae_figureground_pulse
D:11:     layout_long_grid, dpeg_oklobed_lair, gammafunk_ghost_abyssal_escape,
          minmay_st_funbox, nicolae_figureground_sparkle, uniq_maurice
D:12:     layout_roguey, dreamdust_wishing_well, minmay_fractal_squares_5
D:13:     layout_cave_pods, lightli_vaults_fourway_checkpoint, roderic_batcave,
          hangedman_decor_growths, kennysheep_generic_room_12, uniq_urug
D:14:     layout_small_grid, uniq_kirke
D:15:     gammafunk_depths_entry_grave, layout_layer_cave,
          gauntlet_entry_generic, hangedman_decor_riveting
Lair:1:   wad_woods_04, layout_regular_city
Lair:2:   layout_small_grid, nicolae_shoals_entry_roost
Lair:3:   dragon1_lemuel, layout_loops_ring, nicolae_spider_entry_non_spiders,
          beast_lair_carwin_1
Lair:4:   layout_regular_city
Lair:5:   hellmonk_lair_end_abyssal_woods, layout_small_grid,
          nicolae_slime_entry_slimehenge, hellmonk_ghost_happy_afterlife,
          st_stairs_10
Shoals:1: cheibrodos_shoals_satyrical_garden, layout_shoals
Shoals:2: layout_shoals, ebering_ghost_gozag
Shoals:3: layout_shoals, nicolae_shop_self_help
Shoals:4: shoals_end_hellmonk_lost_city, serial_shops, uniq_aizul,
          uniq_polyphemus
Spider:1: layout_spider_delve, uniq_asterion
Spider:2: layout_spider_delve, hangedman_spider_trapstep
Spider:3: layout_spider_delve, nicolae_spider_cling_halls
Spider:4: floodkiller_spider_rune_tomb, uniq_arachne, uniq_nikola
Slime:1:  layout_caves, nicolae_slime_phagocytosis
Slime:2:  layout_caves, nicolae_slime_welcoming_committee
Slime:3:  layout_caves, nicolae_slime_barrier,
          cheibrodos_slime_lost_civilization_5
Slime:4:  nicolae_slime_infinislime, layout_caves
Slime:5
Orc:1:    layout_caves
Orc:2:    grunt_orc_gardens, layout_caves, grunt_orc_garden, grunt_orc_garden,
          grunt_orc_garden, grunt_orc_garden, uniq_donald
Elf:1:    layout_loops_corners, serial_shops, shop, minmay_elf_sorcery
Elf:2:    nicolae_elf_blades_crystal_corner, layout_geoelf_grid,
          nicolae_trove_entry_diagonal
Elf:3:    minmay_elf_hall_x, layout_geoelf_castle, serial_shops, shop,
          nicolae_shop_trees, shop, nicolae_shop_crystal, uniq_louise
Vaults:1: vaults_room_octagon, nicolae_vaults_storage_room_glass,
          nicolae_vaults_asterisk, hangedman_vaults_river_flow,
          nicolae_vaults_fighting_squares, dpeg_vaults_monster_box,
          nicolae_vaults_double_plus_1, nicolae_vaults_variable_pillar_hall,
          nicolae_vaults_wine_cellar, layout_vaults_omnicross
Vaults:2: nicolae_vaults_little_squares_4, minmay_crypt_entry_simple_sparse,
          nicolae_vaults_offset_grid_hallway_1, v_misc_3, v_misc_14,
          vaults_room_hangedman_quadrants, nicolae_vaults_surprise_closet,
          v_pattern_5, layout_vaults_omnigrid, serial_shops, bzr_entry_road
Vaults:3: nicolae_vaults_what_the_h, st_lines, hangedman_vaults_locks,
          hangedman_vaults_pinch, nicolae_vaults_specimen_jars,
          ontoclasm_vaults_eye, nicolae_vaults_sesquioval_fish,
          nicolae_vaults_hexular_roomagon, vaults_room_stairs_pillars,
          v_misc_30, nicolae_vaults_offset_grid_hallway_1,
          nicolae_vaults_little_squares_3, layout_vaults_omnibox
Vaults:4: vaults_room_ringed_pool, v_misc_17, vaults_mumra_minichess_inversion,
          hangedman_vaults_capsules, hangedman_vaults_stagger, v_misc_14,
          vaults_dpeg_doors, nicolae_vaults_big_ls,
          nicolae_vaults_hexular_roomagon, nicolae_vaults_closet_pinwheel_4,
          nicolae_vaults_tetromino_T_1, nicolae_vaults_tetromino_Z_2,
          hangedman_vaults_slice, layout_vaults_chaotic_city, uniq_mennas,
          uniq_margery, uniq_zenata, uniq_mara
Vaults:5: serial_shops, uniq_xtahua, uniq_saint_roka
Depths:1: layout_big_octagon, grunt_hell_entry_dis_mu, minmay_misc_feat_plants,
          glass_columns_b, serial_nicolae_subway, nicolae_sub_station_metal,
          nicolae_sub_station_crystal, nicolae_sub_station_stone
Depths:2: minmay_skeletal_surprise, layout_basic, serial_shops, shop,
          rand_demon_pan_entry_1, hell_entry, moated_statue,
          nicolae_take_the_stairs, infiniplex_staircase_pool_2
Depths:3: dreamdust_merry_men, layout_gridlike, serial_shops,
          nicolae_shop_real_fake_doors, minmay_misc_feat_cross,
          hangedman_abyss_entry_splay, nicolae_hell_entry_hellmouth_sunbeams
Depths:4: grunt_zot_entry_bicorn, layout_gridlike, enter_ziggurat_a,
          ebering_ghost_xom, pf_coc_iceberg, abyss_entry, minmay_shoptagon
Zot:1:    layout_concentric_octagons, hangedman_player_shredder
Zot:2:    layout_twisted_circle
Zot:3:    layout_cellular_growth, gammafunk_ghost_crypt, bh_zot_lava_cross,
          uniq_tiamat
Zot:4:    layout_misc_corridors, zot_minivault_2, grunt_megastairs_5, uniq_vv
Zot:5:    layout_misc_corridors, st_stairs_6

Skill      XL: |  1  2  3  4  5  6  7  8  9 10 11 12 13 14 15 16 17 18 19 20 21 22 23 24 25 26 |
---------------+-------------------------------------------------------------------------------+-----
Fighting       | 4 10 13 16 19 24 26 27 | 27.0
Axes           | 4 5 7 9 10 12 16 18 20 22 26 27 | 27.0
Shields        | 5 10 12 14 15 16 21 23 25 27 | 27.0
Armour         | 3 10 12 13 15 17 18 23 25 27 | 27.0
Dodging        | 3 9 10 11 13 15 17 18 20 23 26 | 26.5
Evocations     | 6 |  6.2
Stealth        | 4 8 11 15 | 15.4

Action                     |  1- 3 |  4- 6 |  7- 9 | 10-12 | 13-15 | 16-18 | 19-21 | 22-24 | 25-27 || total
---------------------------+-------+-------+-------+-------+-------+-------+-------+-------+-------++-------
  Melee: Hand axe          |    66 |    76 |   372 |   261 |       |       |       |       |       ||   775
         Headbutt          |     8 |    13 |    95 |   107 |   158 |   177 |   220 |   286 |   286 ||  1350
         Punch             |     1 |       |       |       |       |       |       |       |       ||     1
         War axe           |       |       |       |   134 |       |       |       |       |       ||   134
         Broad axe         |       |       |       |    44 |   711 |   830 |   991 |   953 |   923 ||  4452
         Kick              |       |       |       |       |       |    32 |   336 |       |       ||   368
         Bite              |       |       |       |       |       |       |       |       |    87 ||    87
 Invoke: Berserk           |       |     2 |     3 |     7 |     9 |     7 |     5 |     2 |     5 ||    40
         Brothers in Arms  |       |       |       |     2 |     4 |     3 |     3 |     6 |     5 ||    23
         Trog's Hand       |       |       |       |     1 |     2 |     1 |     3 |     6 |     4 ||    17
Ability: Evoke Blink       |       |       |       |       |       |       |       |       |     1 ||     1
  Evoke: Wand              |       |       |       |       |       |     1 |       |       |       ||     1
         Box of beasts     |       |       |       |       |       |     1 |       |       |     1 ||     2
         Tin of tremorston |       |       |       |       |       |       |       |       |     2 ||     2
    Use: Scroll            |       |       |       |     7 |    16 |    12 |    10 |    10 |     8 ||    63
         Potion            |       |       |       |       |       |     5 |       |    15 |     5 ||    25
   Stab: Sleeping          |       |       |       |       |    24 |    11 |       |       |     2 ||    37
         Distracted        |       |       |       |       |     3 |     6 |       |       |     3 ||    12
         Confused          |       |       |       |       |       |       |       |     2 |       ||     2
 Armour: Animal skin       |    17 |     3 |       |       |       |       |       |       |       ||    20
         Ring mail         |       |    14 |    77 |   107 |    56 |       |       |       |       ||   254
         Shadow dragon sca |       |       |       |       |   143 |   319 |       |       |       ||   462
         Plate armour      |       |       |       |       |       |    71 |   308 |   139 |       ||   518
         Gold dragon scale |       |       |       |       |       |       |       |   117 |   229 ||   346
  Dodge: Dodged            |    39 |    30 |   111 |   220 |   246 |   420 |   386 |   375 |   272 ||  2099
  Block: Kite shield       |     8 |    17 |   182 |   293 |   299 |   463 |   306 |       |       ||  1568
         Tower shield      |       |       |       |       |       |       |   571 |  1066 |   930 ||  2567
